 Dungeon Crawl Stone Soup version 0.31-a0-1570-g93c622d222 (webtiles) character file.

Game seed: 10684386678593973868

86 Drazool the Ruffian (level 4, 0/41 HPs)
             Began as an Oni Shapeshifter on Jan 3, 2024.
             Slain by Ijyb
             ... wielding a +0 club
              (3 damage)
             ... on level 3 of the Dungeon.
             The game lasted 00:06:26 (1890 turns).

Drazool the Ruffian (Oni Shapeshifter)              Turns: 1890, Time: 00:06:26

Health: 0/41       AC:  3    Str: 20    XL:     4   Next: 50%
Magic:  0/4        EV:  9    Int: 11    God:
Gold:   142        SH:  0    Dex:  8    Spells: 3/3 levels left

rFire   . . .        a - +0 whip (elec)
rCold   . . .        (no shield)
rNeg    . . .        l - +0 animal skin
rPois   .            (helmet currently unavailable)
rElec   .            (cloak currently unavailable)
rCorr   .            (gloves unavailable)
SInv    .            (boots unavailable)
Will    .....        j - amulet of guardian spirit
Stlth   +            (no ring)
HPRegen 0.26/turn    (no ring)
MPRegen 0.09/turn

%: guardian spirit
@: beast-form
A: beast (slay +1), large, unfitting armour, horns 1, tough skin 1, double
potion healing, drunken brawling
a: Begin Untransformation


You were on level 3 of the Dungeon.
You were a hulking beast.
You visited 1 branch of the dungeon, and saw 3 of its levels.

You collected 192 gold pieces.
You spent 50 gold pieces at shops.


Innate Abilities, Weirdness & Mutations

You are a hulking beast.
Your limbs bulge with bestial killing power. (Slay +1)
You are too large for most types of armour.
You have a pair of small horns on your head.
You have tough skin. (AC +1)
You gain doubled healing and magic from potions.
Whenever you drink a healing potion, you attack all around you.


   Skills:
 - Level 1.3 Fighting
 + Level 1.5 Maces & Flails
 - Level 1.7 Dodging
 - Level 4.3 Unarmed Combat
 - Level 3.0 Shapeshifting


You had 3 spell levels left.
You didn't know any spells.
Your spell library was empty.

Inventory:

Hand Weapons
 a - a +0 whip of electrocution (weapon)
Missiles
 h - 23 stones
Armour
 l - a +0 animal skin (worn)
Jewellery
 j - an amulet of guardian spirit (around neck)
Talismans
 c - a beast talisman
 d - a flux talisman
 e - a maw talisman
Scrolls
 f - a scroll of silence {!r}
 k - 2 scrolls of teleportation {@r2}
 n - a scroll of vulnerability
Potions
 b - a potion of lignification
 g - 2 potions of heal wounds {@q2}
 m - a potion of ambrosia {unknown}
 o - a potion of invisibility {unknown}

Dungeon Overview and Level Annotations

Branches:
Dungeon (3/15)

Altars:

Shops:
D:1 !   D:2 [

Annotations:
D:2 1 runed translucent door, Crazy Yiuf
D:3 Ijyb

#.# #.# ######### #.#
........########.# #.#
#######...<....#.# #.#
########.#.### #.# #.#...###
#.# ###########..hg.o.###.####
#...........#####..?.....###+#
##########..# #...#.#....P.P
##.# #.......<..... ..#
#.#.#.#..###.. ..#
#.#........... #...
..######.####. #..# #.# #.#
#..# #.# #.#


You could see Ijyb and an orc.


Message History

Ijyb barely misses you.
You hit Ijyb.
Ijyb is lightly wounded.
Ijyb hits you with a +0 club.
You closely miss Ijyb. Your headbutt misses Ijyb.
Ijyb is lightly wounded.
Ijyb zaps a wand.
The puff of flame hits you.
You hit Ijyb but do no damage. Your headbutt misses Ijyb.
Ijyb is lightly wounded.
Ijyb zaps a wand.
The puff of flame hits you!
The orc hits you from afar with a +0 trident.
* * * LOW HITPOINT WARNING * * *
You hit Ijyb. Your headbutt misses Ijyb.
Ijyb is moderately wounded.
Ijyb hits you with a +0 club.
* * * LOW HITPOINT WARNING * * *
The orc hits you from afar with a +0 trident!
* * * LOW HITPOINT WARNING * * *
Unknown command.
You hit Ijyb.
Ijyb is moderately wounded.
Ijyb screams, "Get away!"
Ijyb barely misses you.
The orc hits you from afar with a +0 trident.
* * * LOW HITPOINT WARNING * * *
Unknown command.
The orc attacks as it pursues you! The orc barely misses you.
The orc attacks as it pursues you! The orc closely misses you.
Ijyb attacks as she pursues you! Ijyb hits you with a +0 club.
You die...

Skill      XL: |  1  2  3  4 |
---------------+-------------+-----
Unarmed Combat | 3 4 |  4.3
Maces & Flails | 1 |  1.5
Fighting       | |  1.3
Dodging        | |  1.7
Shapeshifting  | |  3.0

Action                     |  1- 3 |  4- 6 || total
---------------------------+-------+-------++-------
  Melee: Unarmed           |    87 |       ||    87
         Headbutt          |    11 |     3 ||    14
         Punch             |     3 |       ||     3
         Whip              |     3 |    33 ||    36
  Throw: Stone             |       |     1 ||     1
    Use: Scroll            |       |     3 ||     3
 Armour: Animal skin       |    42 |    28 ||    70
  Dodge: Dodged            |    46 |    14 ||    60

Levels and vault maps discovered:
D:1:      dpeg_arrival_concentric_ovals, layout_basic,
          hellmonk_ecumenical_altar_crossroads, serial_shops,
          nicolae_square_shop, st_stairs_13
D:2:      layout_rooms, serial_shops, shop, minivault_25,
          uniq_crazy_yiuf_cottage
D:3:      kennysheep_six_static_rooms, layout_loops_ring,
          nicolae_overflow_crystal_walls, kiku_gazebo_pond_becter,
          cheibrodos_gnoll_hut, uniq_grinder, uniq_natasha, uniq_ijyb

Notes
Turn   | Place    | Note
-------+----------+-------------------------------------------
     0 | D:1      | Drazool the Oni Shapeshifter began the quest for the Orb.
     0 | D:1      | Reached XP level 1. HP: 19/19 MP: 1/1
    73 | D:1      | Reached skill level 3 in Unarmed Combat
   144 | D:1      | Reached XP level 2. HP: 25/27 MP: 2/2
   168 | D:1      | Found Athig's Distillery.
   407 | D:1      | Reached XP level 3. HP: 33/33 MP: 3/3
   584 | D:1      | Found a faded altar of an unknown god.
   678 | D:1      | Reached skill level 4 in Unarmed Combat
  1041 | D:1      | Bought a potion of heal wounds for 50 gold pieces
  1293 | D:2      | Reached XP level 4. HP: 40/41 MP: 4/4
  1314 | D:2      | Found Ihumaaq's Armour Boutique.
  1395 | D:2      | Reached skill level 1 in Maces & Flails
  1703 | D:2      | Found a runed translucent door.
  1704 | D:2      | Noticed Crazy Yiuf
  1741 | D:3      | Noticed Ijyb
  1886 | D:3      | HP: 2/41 [orc/+0 trident (6)]
  1890 | D:3      | Slain by Ijyb

Vanquished Creatures
  3 adders (D:2)
  A dart slug (D:1)
  5 ball pythons
  3 endoplasms
  5 giant cockroaches
  10 goblins
  2 hobgoblins (D:1)
  7 kobolds
  4 quokkas
  6 bats (D:1)
  3 rats
49 creatures vanquished.

Table legend: (Time is in decaauts)
 A = Elapsed time spent in this place.
 B = Non-inter-level travel time spent in this place.
 C = Inter-level travel time spent in this place.
 D = Time resting spent in this place.
 E = Time spent auto-exploring this place.
 F = Levels seen in this place.
 G = Mean time per level.
                   A        B        C        D        E       F      G
               +--------+--------+--------+--------+--------+-----+--------+
         Total |   1883 |   1802 |     81 |     52 |   1329 |   3 |  627.7 |
       Dungeon |   1883 |   1802 |     81 |     52 |   1329 |   3 |  627.7 |
               +--------+--------+--------+--------+--------+-----+--------+

Top non-repeatable levels by time:
     D:1: 1046 daAuts
     D:2: 749 daAuts
     D:3: 87 daAuts

Table legend:
 A = Non-vault XP
 B = Vault XP
 C = Vault XP percentage of total XP
 D = Non-vault monster count
 E = Vault monster count
 F = Vault count percentage of total count
                 A         B        C        D         E       F
            +---------+---------+-------+---------+---------+-------
      Total |     122 |       2 |   1.6 |      48 |       1 |   2.0
            +---------+---------+-------+---------+---------+-------
        D:1 |      58 |       2 |   3.3 |      31 |       1 |   3.1
        D:2 |      64 |       0 |   0.0 |      17 |       0 |   0.0
            +---------+---------+-------+---------+---------+-------
